 Dungeon Crawl Stone Soup version 0.30-a0-136-gea98e250e0 (webtiles) character file.

Game seed: 12498020145861591351

3 Edik23 the Ducker (level 1, -1/16 HPs)
             Began as a Merfolk Gladiator on Sept 21, 2022.
             Slain by an adder (2 damage)
             ... on level 2 of the Dungeon.
             The game lasted 00:02:24 (135 turns).

Edik23 the Ducker (Merfolk Gladiator)                Turns: 135, Time: 00:02:25

Health: -1/16      AC:  4    Str: 14    XL:     1   Next: 50%
Magic:  1/1        EV: 13    Int:  7    God:
Gold:   31         SH:  0    Dex: 15    Spells: 0/0 levels left

rFire   . . .      SeeInvis .    f - +0 short sword
rCold   . . .      Faith    .    (no shield)
rNeg    . . .      Spirit   .    b - +0 leather armour
rPois   .          Reflect  .    c - +0 helmet
rElec   .          Harm     .    (no cloak)
rCorr   .          Rampage  .    (no gloves)
Will    .....                    (no boots)
Stlth   +.........               (no amulet)
HPRegen 0.05/turn                (no ring)
MPRegen 0.07/turn                (no ring)

@: lethally poisoned (-1 -> -2)
A: (nimble swimmer 2), mertail
a: no special abilities


You were on level 2 of the Dungeon.
You visited 1 branch of the dungeon, and saw 2 of its levels.

You collected 31 gold pieces.

Inventory:

Hand Weapons
 a - a +0 rapier
 f - a +0 short sword (weapon)
Missiles
 d - 2 throwing nets (quivered)
 e - a javelin
Armour
 b - a +0 leather armour (worn)
 c - a +0 helmet (worn)


   Skills:
 + Level 2.2 Fighting
 + Level 3.7 Short Blades
 + Level 2.0 Throwing
 + Level 4.1 Dodging


You couldn't memorise any spells.
You didn't know any spells.
Your spell library was empty.

Dungeon Overview and Level Annotations

Branches:
Dungeon (2/15)

Altars:

Annotations:
D:2 Jessica, Terence


Innate Abilities, Weirdness & Mutations

((You are very nimble when in or above water. (Stealth+, EV+, Speed+++)))
Your lower body shifts to a powerful aquatic tail in water.


Message History

There is an open door here.
Sorry, I don't know how to traverse that place.
Sorry, I don't know how to traverse that place.
Sorry, I don't know how to traverse that place.
Sorry, I don't know how to traverse that place.
Sorry, I don't know how to traverse that place.
You open the door.
There is an open door here.
Terence and a goblin come into view.
The goblin shouts!
Terence shouts!
You hear a shout!
A rat comes into view.
You hear an angry hiss.
An adder comes into view.
Jessica the Apprentice Sorceress comes into view.
She is wielding a +0 club.
Terence closely misses you. The rat attacks as you move away!
The rat barely misses you. The adder bites you.
You are poisoned.
The adder poisons you! Terence hits you but does no damage.
The goblin barely misses you.
You miss the adder.
You feel sick. The adder barely misses you.
You barely miss the adder.
You feel sick. The adder closely misses you.
The goblin hits you with a +0 club. Terence hits you with a +0 short sword.
The rat barely misses you.
You hit the adder.
The adder is lightly wounded.
* * * LOW HITPOINT WARNING * * *
You feel sick. The adder bites you.
* * * LOW HITPOINT WARNING * * *
Terence shouts, "DIE!!!"
Terence misses you. The goblin closely misses you. The rat misses you.
You hit the adder.
The adder is heavily wounded.
* * * LOW HITPOINT WARNING * * *
You feel sick. The adder barely misses you. Terence barely misses you.
Jessica gestures wildly while chanting.
Jessica blinks!
The goblin closely misses you. The rat closely misses you.
* * * LOW HITPOINT WARNING * * *
You feel sick. The adder bites you.
You die...

#.# #.#.#.#
#.#.#.# #.#.#.#
# #.#.#.# #.
#.#.#.# # ..
#.#.#.# .#
#.#.#.#.##.#####
#..@............
##.S.r##.#####.#
#..g@.#.## #.
#..ยง.###.# .#
#..... #.## #.
#...#####.# .#
#...# #.###.#
#.@.# ##.#.#
#...# #...# ##


You could see Terence, an adder, Jessica, a goblin and a rat.

Vanquished Creatures
  A bat (D:1)
  A giant cockroach (D:1)
  A rat (D:1)
3 creatures vanquished.

Notes
Turn   | Place    | Note
-------+----------+-------------------------------------------
     0 | D:1      | Edik23 the Merfolk Gladiator began the quest for the Orb.
     0 | D:1      | Reached XP level 1. HP: 16/16 MP: 1/1
    56 | D:1      | You fall into a shaft and drop 1 floor!
   127 | D:2      | Noticed Terence
   128 | D:2      | Noticed Jessica
   135 | D:2      | Slain by an adder

Illustrated notes

Levels and vault maps discovered:
D:1:      mrwooster_arrival_statue_3, layout_loops_ring, serial_glass,
          glass_columns_b, glass_columns_a, shapermc_ecumenical_altar_acropolis,
          kennysheep_doodads
D:2:      layout_basic, grunt_decor_clamped, uniq_terence, uniq_jessica

Action                   || total
-------------------------++-------
Melee: Short sword       ||     7
       Rapier            ||     7
Throw: Throwing net      ||     1
Armor: Leather armour    ||    11
Dodge: Dodged            ||    27

Table legend: (Time is in decaauts)
 A = Elapsed time spent in this place.
 B = Non-inter-level travel time spent in this place.
 C = Inter-level travel time spent in this place.
 D = Time resting spent in this place.
 E = Time spent auto-exploring this place.
 F = Levels seen in this place.
 G = Mean time per level.
                   A        B        C        D        E       F      G
               +--------+--------+--------+--------+--------+-----+--------+
         Total |    132 |     61 |     71 |      0 |      0 |   2 |   66.0 |
       Dungeon |    132 |     61 |     71 |      0 |      0 |   2 |   66.0 |
               +--------+--------+--------+--------+--------+-----+--------+

Top non-repeatable levels by time:
     D:2: 78 daAuts
     D:1: 54 daAuts
